cohdb
Replays
Latest Replays
All Replays
Popular Replays
Top Player Replays
Match Explorer
How It Works
Community
CoH3 Stats
Reddit
Sign in to upload your games and track your stats! →
Sign in with Steam
Match 38751417
Unlisted
Match 38751417
Overview
Messages
Build Orders
End
Kradschützen Motorcycle Team
Panzerpioneer Squad
Panzerpioneer Squad
Panzerpioneer Squad
Construct Light Support Kompanie
Selects Armored Support Battlegroup
Selects Superior Fire Drills
Fire Support Elements
MG34 Team
Flakvierling Half-track
Assault Mechanized Group
Flakvierling Half-track
Vehicle Survival Package
Pak 38 Anti-tank Gun Team
Construct Mechanized Kompanie
Selects Salvage Kits
Selects Panzer Storm
Marder III Tank Destroyer
jooooooohn
只愛❤毛妹
0
0
Comments
sign in to comment!
No comments posted yet!